 Dungeon Crawl Stone Soup version 0.27.1-33-g824d729ab1 (webtiles) character file.

Game seed: 124780138924444699

53 safid the Shield-Bearer (level 3, -4/34 HPs)
             Began as a Hill Orc Fighter on Dec 7, 2021.
             Slain by Natasha (7 damage)
             ... on level 3 of the Dungeon.
             The game lasted 00:03:35 (1915 turns).

safid the Shield-Bearer (Hill Orc Fighter)          Turns: 1915, Time: 00:03:36

Health: -4/34      AC:  8    Str: 19    XL:     3   Next: 89%
Magic:  3/3        EV:  7    Int:  8    God:
Gold:   90         SH:  9    Dex: 10    Spells: 2/2 levels left

rFire    + . .     SeeInvis .   a - +0 war axe
rCold    . . .     Faith    .   c - +0 kite shield
rNeg     . . .     Spirit   .   b - +0 scale mail
rPois    .         Reflect  .   o - +0 helmet
rElec    .         Harm     .   (no cloak)
rCorr    .         Rampage  .   (no gloves)
Will     .....                  (no boots)
Stlth    ..........             k - amulet of the acrobat
HPRegen  0.11/turn              (no ring)
MPRegen  0.08/turn              (no ring)

@: slowed, very slow
A: fire resistance 1, robust 1, noise suppression
a: no special abilities


You were on level 3 of the Dungeon.
You visited 1 branch of the dungeon, and saw 3 of its levels.

You collected 90 gold pieces.

Inventory:

Hand Weapons
 a - a +0 war axe (weapon)
Missiles
 i - 28 poisoned darts (quivered)
Armour
 b - a +0 scale mail (worn)
 c - a +0 kite shield (worn)
 o - a +0 helmet (worn)
Jewellery
 k - an amulet of the acrobat (around neck)
Scrolls
 g - 4 scrolls of identify {unknown}
 j - a scroll of silence {unknown}
 m - a scroll of acquirement {unknown}
 n - a scroll of teleportation {unknown}
 p - a scroll of fog {unknown}
 q - a scroll of noise {unknown}
Potions
 d - a potion of might
 e - a potion of ambrosia {unknown}
 f - a potion of mutation
 h - a potion of degeneration {unknown}
 l - 2 potions of curing {unknown}


   Skills:
 - Level 3.6 Fighting
 + Level 4.2 Axes
 - Level 3.2 Armour
 + Level 4.3 Shields


You had 2 spell levels left.
You didn't know any spells.
Your spell library was empty.

Dungeon Overview and Level Annotations

Branches:
Dungeon (3/15)

Altars:
Okawaru

Annotations:
D:3 Natasha


Innate Abilities, Weirdness & Mutations

Your flesh is heat resistant. (rF+)
You are robust. (+10% HP)
You passively dampen the noise of your surroundings.


Message History

* * * LOW HITPOINT WARNING * * *
Natasha closely misses you. You block the adder's attack.
You barely miss Natasha.
Natasha is almost dead.
You hit the adder. You hit the white imp but do no damage.
Natasha casts a spell at you.
You feel as though you will be slow longer.
You block the white imp's attack. You block Natasha's attack.
The adder bites you but does no damage. The adder barely misses you.
The white imp hits you but does no damage.
Natasha barely misses you.
The crimson imp blinks!
You closely miss Natasha.
Natasha is almost dead.
You closely miss the white imp. You closely miss the adder.
Natasha wildly gestures.
Natasha shimmers violently.
You block Natasha's attack. The adder barely misses you.
You block Natasha's attack. You block the white imp's attack.
The adder bites you but does no damage. The crimson imp puffs mist at you.
Natasha claws you but does no damage. The white imp closely misses you.
The adder closely misses you. Natasha claws you but does no damage.
You block the white imp's attack.
You closely miss Natasha.
Natasha is almost dead.
You barely miss the adder. You hit the white imp.
You kill the white imp!
The white imp disappears in a puff of smoke!
You block the adder's attack. You block Natasha's attack. The adder bites you.
* * * LOW HITPOINT WARNING * * *
Natasha claws you.
* * * LOW HITPOINT WARNING * * *
The adder bites you but does no damage.
Natasha mumbles some strange words.
It was a potion of mutation.
You feel extremely strange.
You feel resistant to heat.
You feel robust.
You feel your surroundings grow quieter.
The crimson imp disappears in a puff of smoke!
You block Natasha's attack. You block the adder's attack. Natasha claws you!
You die...

........#.#
#...†#.#
#....#.####
####......#
##.....#
#.....######
#.>§.......#
##....####...
#.@§.# #Sh5.#
#.#### #.# ..
###


You could see Natasha (fast), a crimson imp (summoned) and an adder.

Vanquished Creatures
  A worm (D:2)
  2 dart slugs
  7 bats
  5 endoplasms
  2 giant cockroaches (D:1)
  7 goblins
  2 hobgoblins (D:1)
  2 jackals (D:1)
  2 kobolds (D:2)
  6 ball pythons
  6 rats
42 creatures vanquished.

Notes
Turn   | Place    | Note
-------+----------+-------------------------------------------
     0 | D:1      | safid the Hill Orc Fighter began the quest for the Orb.
     0 | D:1      | Reached XP level 1. HP: 19/19 MP: 1/1
    21 | D:1      | Found a faded altar of an unknown god.
   174 | D:1      | Reached XP level 2. HP: 24/26 MP: 2/2
   803 | D:1      | Reached XP level 3. HP: 28/31 MP: 3/3
  1827 | D:3      | Found an iron altar of Okawaru.
  1903 | D:3      | Noticed Natasha
  1915 | D:3      | Gained mutation: Your flesh is heat resistant. (rF+)
                  | [potion of mutation]
  1915 | D:3      | Gained mutation: You are robust. (+10% HP) [potion of
                  | mutation]
  1915 | D:3      | Gained mutation: You passively dampen the noise of your
                  | surroundings. [potion of mutation]
  1915 | D:3      | Slain by Natasha

Illustrated notes

Levels and vault maps discovered:
D:1:      scummos_arrival_checkerplants, layout_basic,
          ebering_ecumenical_altar_mist, minmay_shallow_snake_nest
D:2:      layout_rooms
D:3:      layout_basic, nemelex_altar_shiori, okawaru_trees_1, uniq_natasha

Skill      XL: |  1  2  3 |
---------------+----------+-----
Axes           | 3 4 |  4.2
Shields        | 4 |  4.3
Fighting       | |  3.6
Armour         | |  3.2

Action                   || total
-------------------------++-------
Melee: War axe           ||   109
  Use: Potion            ||     1
Armor: Scale mail        ||    69
Dodge: Dodged            ||    48
Block: Kite shield       ||    79
